 Dungeon Crawl Stone Soup version 0.31-a0-788-ga445dbd2db (webtiles) character file.

Game seed: 112213234557135412

519 Conn the Sneak (level 7, 0/41 HPs)
             Began as an Octopode Fire Elementalist on Sept 18, 2023.
             Slain by Eustachio
             ... wielding a +2 rapier of freezing
              (5 damage)
             ... on level 5 of the Dungeon.
             The game lasted 00:08:29 (4212 turns).

Conn the Sneak (Octopode Fire Elementalist)         Turns: 4212, Time: 00:08:30

Health: 0/41       AC:  1    Str:  7    XL:     7   Next: 21%
Magic:  7/11       EV: 19    Int: 19    God:
Gold:   209        SH:  0    Dex: 13    Spells: 11/12 levels left

rFire   . . .        v - +5 hammer
rCold   . . .        (no shield)
rNeg    . . .        (helmet restricted)
rPois   +            (no amulet)
rElec   .            q - +5 ring of evasion
rCorr   .            (no ring)
SInv    .            (no ring)
Will    .....        (no ring)
Stlth   ++++         (no ring)
HPRegen 0.26/turn    (no ring)
MPRegen 0.12/turn    (no ring)
                     (no ring)

%: no passive effects
@: no status effects
A: almost no armour, amphibious, 8 rings, camouflage 1, gelatinous body 1,
(nimble swimmer 1), tentacles, low MP 1, poison resistance
a: no special abilities


You were on level 5 of the Dungeon.
You visited 1 branch of the dungeon, and saw 5 of its levels.

You collected 209 gold pieces.

Inventory:

Hand Weapons
 b - a +0 dagger
 u - a +2 quarterstaff of chaos
 v - a +5 hammer (weapon)
Jewellery
 q - a +5 ring of evasion (left tentacle)
Wands
 p - a wand of light (12)
Scrolls
 c - a scroll of revelation
 d - a scroll of immolation
 f - a scroll of butterflies
 g - a scroll of vulnerability
 j - 3 scrolls of teleportation
 l - a scroll of fog
 o - a scroll of poison
Potions
 a - a potion of magic
 e - a potion of might {unknown}
 h - a potion of curing {unknown}
 i - a potion of enlightenment {unknown}
 k - a potion of resistance {unknown}
 m - 2 potions of attraction {unknown}
 r - 3 potions of brilliance {unknown}
 s - a potion of degeneration {unknown}


   Skills:
 + Level 3.7 Dodging
 + Level 5.4 Stealth
 + Level 3.4 Spellcasting
 + Level 3.3 Conjurations
 + Level 4.4 Fire Magic


You had 11 spell levels left.
You knew the following spells:

 Your Spells              Type           Power      Damage    Failure   Level
a - Foxfire               Conj/Fire      72%        2x1d7     3%          1

Your spell library contained the following spells:

 Spells                   Type           Power      Damage    Failure   Level
 Scorch                   Fire           40%        2d6       3%          2
 Apportation              Tloc           6%         N/A       14%         1
 Necrotise                Necr           12%        1d4       14%         1
 Summon Small Mammal      Summ           12%        N/A       14%         1
 Inner Flame              Hex/Fire       11%        N/A       17%         3
 Volatile Blastmotes      Fire/Tloc      22%        2d11      17%         3
 Flame Wave               Conj/Fire      18%        2d7       30%         4
 Ozocubu's Armour         Ice            3%         N/A       41%         3
 Metabolic Englaciation   Hex/Ice        1%         N/A       99%         5
 Simulacrum               Ice/Necr       1%         N/A       100%        6


Dungeon Overview and Level Annotations

Branches:
Dungeon (5/15)
 Temple: D:4-7

Altars:
Fedhas
Gozag

Annotations:
D:5 Eustachio


Innate Abilities, Weirdness & Mutations

You cannot wear most types of armour.
You are amphibious.
You can wear up to eight rings at the same time.
Your skin changes colour to match your surroundings (Stealth+).
Your rubbery body absorbs attacks. (AC +1, EV +1)
((You are camouflaged when in or above water. (Stealth+)))
You have tentacles for arms and can constrict up to eight enemies at once.
Your magical capacity is low. (-10% MP)
Your system is resistant to poisons. (rPois)


Message History

The jelly is moderately wounded.
The foxfire hits the jelly.
The jelly is severely wounded.
The foxfire hits the bat.
The bat is severely wounded.
The jelly hits you.
You are splashed with acid!
The bat hits you but does no damage.
You miss Eustachio. You grab Eustachio.
Eustachio is moderately wounded.
You constrict Eustachio, but do no damage.
The foxfire hits Eustachio.
Eustachio is heavily wounded.
The bat barely misses you. The bat closely misses you.
The jelly closely misses you. Eustachio closely misses you.
Eustachio completely misses you. The jelly barely misses you.
Unknown command.
You sock Eustachio!
Eustachio is severely wounded.
You constrict Eustachio, but do no damage.
The bat barely misses you. The bat misses you. The jelly closely misses you.
Eustachio closely misses you.
Unknown command.
You thump Eustachio!
Eustachio is severely wounded.
You constrict Eustachio, but do no damage.
The bat barely misses you. The jelly hits you.
You are splashed with acid!
The bat closely misses you.
Eustachio hits you with a +2 rapier of freezing!
* * * LOW HITPOINT WARNING * * *
Eustachio freezes you.
* * * LOW HITPOINT WARNING * * *
Unknown command.
You hit Eustachio.
Eustachio is almost dead.
You constrict Eustachio, but do no damage.
The bat hits you but does no damage. The bat closely misses you.
The jelly barely misses you.
Eustachio hits you with a +2 rapier of freezing.
You die...
Eustachio twirls his moustache.

### ######.######## .
............... .. ....#
#......... ##.
##..####.#..###.. #...
##...........# #.. .....
##.@...##...###.###
......#.@.##.##...#o...⌠#
#..J....##.###.....#
#..b#.#####.#⌠!?.<.[.
#..#.#....†..###.....#
#..##.#######...#⌠...⌠#
...# #.# ##..###.### ...#
... ....#⌠#.. #+# .##
....# #.. . .........


You could see Eustachio, a jelly and a bat (summoned).

Vanquished Creatures
  A howler monkey (D:4)
  3 hounds (D:4)
  A jelly (D:5)
  Crazy Yiuf (D:3)
  3 iguanas
  Jessica (D:3)
  Terence (D:3)
  2 orc wizards (D:4)
  2 gnolls
  6 adders
  A worm (D:2)
  2 dart slugs
  2 orcs (D:4)
  7 ball pythons
  3 bats
  4 endoplasms
  4 giant cockroaches
  3 goblins
  7 hobgoblins
  4 jackals
  5 quokkas
  6 frilled lizards
  3 kobolds
  4 rats
76 creatures vanquished.

Vanquished Creatures (others)
  192 foxfires
192 creatures vanquished.

Grand Total: 268 creatures vanquished

Notes
Turn   | Place    | Note
-------+----------+-------------------------------------------
     0 | D:1      | Conn the Octopode Fire Elementalist began the quest for the
                  | Orb.
     0 | D:1      | Reached XP level 1. HP: 11/11 MP: 3/3
    44 | D:1      | Reached XP level 2. HP: 6/17 MP: 1/5
    53 | D:1      | Reached skill level 3 in Stealth
   232 | D:1      | Found a faded altar of an unknown god.
   418 | D:1      | Reached XP level 3. HP: 18/21 MP: 3/6
  1423 | D:2      | Reached XP level 4. HP: 24/27 MP: 0/7
  2374 | D:3      | Found a blossoming altar of Fedhas.
  2455 | D:3      | Noticed Jessica
  2462 | D:3      | Killed Jessica
  2463 | D:3      | Reached skill level 4 in Stealth
  2463 | D:3      | Reached XP level 5. HP: 31/31 MP: 7/9
  2496 | D:3      | Noticed Terence
  2521 | D:3      | Killed Terence
  3127 | D:3      | Found a runed translucent door.
  3128 | D:3      | Noticed Crazy Yiuf
  3144 | D:3      | Killed Crazy Yiuf
  3222 | D:4      | Reached XP level 6. HP: 36/36 MP: 10/10
  3669 | D:4      | Reached skill level 5 in Stealth
  3916 | D:4      | Found an opulent altar of Gozag.
  3922 | D:4      | Reached XP level 7. HP: 41/41 MP: 12/12
  4073 | D:4      | Gained mutation: You occasionally lose the ability to drink
                  | potions when taking damage. [potion of mutation]
  4074 | D:4      | Lost mutation: You occasionally lose the ability to drink
                  | potions when taking damage. [potion of mutation]
  4074 | D:4      | Gained mutation: Your magical capacity is low. (-10% MP)
                  | [potion of mutation]
  4074 | D:4      | Gained mutation: Your system is resistant to poisons.
                  | (rPois) [potion of mutation]
  4099 | D:5      | Entered Level 5 of the Dungeon
  4200 | D:5      | Noticed Eustachio
  4212 | D:5      | Slain by Eustachio

Illustrated notes

Levels and vault maps discovered:
D:1:      enne_arrival_octagon_isle, layout_basic, basic_ecumenical_altar
D:2:      cheibrodos_old_hovel, layout_rooms
D:3:      layout_basic, lemuel_tele_altar, minmay_misc_feat_columns,
          uniq_terence, uniq_jessica, uniq_crazy_yiuf_cottage
D:4:      layout_loops_ring, kennysheep_mini_moat
D:5:      layout_basic, nicolae_ossuary_entry_giza, nicolae_fountain_basement,
          uniq_eustachio

Skill      XL: |  1  2  3  4  5  6 |
---------------+-------------------+-----
Stealth        | 3 4 5 |  5.4
Conjurations   | 2 3 |  3.3
Dodging        | 3 |  3.7
Spellcasting   | 3 |  3.4
Fire Magic     | 4 |  4.4

Action                     |  1- 3 |  4- 6 |  7- 9 || total
---------------------------+-------+-------+-------++-------
  Melee: Unarmed           |    18 |       |       ||    18
         Constrict         |    10 |    13 |     4 ||    27
         Tentacles         |     9 |    14 |     5 ||    28
         Dagger            |    16 |    33 |       ||    49
         Punch             |     1 |     1 |       ||     2
         Mace              |       |    26 |    14 ||    40
   Cast: Foxfire           |    40 |    70 |     5 ||   115
    Use: Scroll            |       |       |    11 ||    11
         Potion            |       |       |     2 ||     2
   Stab: Sleeping          |     1 |    14 |     4 ||    19
         Distracted        |       |     1 |       ||     1
 Armour: Skin              |    23 |    13 |    10 ||    46
  Dodge: Dodged            |    22 |    35 |    24 ||    81

Table legend: (Time is in decaauts)
 A = Elapsed time spent in this place.
 B = Non-inter-level travel time spent in this place.
 C = Inter-level travel time spent in this place.
 D = Time resting spent in this place.
 E = Time spent auto-exploring this place.
 F = Levels seen in this place.
 G = Mean time per level.
                   A        B        C        D        E       F      G
               +--------+--------+--------+--------+--------+-----+--------+
         Total |   4225 |   4125 |    100 |      0 |   3114 |   5 |  845.0 |
       Dungeon |   4225 |   4125 |    100 |      0 |   3114 |   5 |  845.0 |
               +--------+--------+--------+--------+--------+-----+--------+

Top non-repeatable levels by time:
     D:1: 1402 daAuts
     D:3: 1085 daAuts
     D:4: 890 daAuts
     D:2: 730 daAuts
     D:5: 117 daAuts
